Cogmind - Beta 14 @@@ ROGUE MODE // 2024.08.19 @ 17:28:37 Player: N.W.L Result: Destroyed by F9-V0X(E) with Overtuned Barrage Gun Performance ------------- Evolutions (2) 1000 Regions Visited (12) 2400 Robots Destroyed (214) 1070 Value Destroyed (6706) 6706 Prototype IDs (40) 800 Alien Tech Used (0) 0 Bonus (365) 365 TOTAL SCORE: 12341 Bonus ------- Follower Combat Kills 712 Entered Garrisons 200 Aligned with FarCom 300 Friendly Fire -847 Cogmind --------- Core Integrity 0/550 Matter 4/300 Energy 50/100 System Corruption 0% Temperature Hot (210) Movement Treading (570) Ox5 Location -8/Scraptown Parts ------- > --- POWER (1) -------- (None) > --- PROPULSION (3) --- Armored Treads > --- UTILITY (4) ------ Huge Storage Unit Siege Articulator Makeshift Medium Armor Plating > --- WEAPON (3) ------- YOLO Cannon > --- INVENTORY (25) --- Armored Treads Armored Treads Armored Treads Armored Treads Armored Treads Improved Heat Sink Advanced Sensor Array Seismic Detector Makeshift Light Armor Plating Authchip [R/NC] Authchip [Armor] Experimental Recalibrator PSU Rigger Overtuned Pulse Rifle Plasma Cannon Barrage Gun Siege Cannon Improved Grenade Launcher Heavy Rocket Launcher Great Maul PL-3XN's Ring of Power Peak State ------------ > --- POWER ------------ Improved Deuterium Engine > --- PROPULSION ------- Tri-treads > --- UTILITY ---------- Huge Storage Unit Siege Articulator Medium Reactive Plating Experimental Recalibrator > --- WEAPON ----------- Siege Cannon > --- INVENTORY -------- Armored Treads Armored Treads Armored Treads Armored Treads Armored Treads Armored Treads Improved Heat Sink Advanced Sensor Array Seismic Detector Makeshift Light Armor Plating Makeshift Medium Armor Plating Authchip [R/NC] Authchip [Armor] PSU Rigger Overtuned Pulse Rifle Plasma Cannon YOLO Cannon Barrage Gun Improved Grenade Launcher Heavy Rocket Launcher Great Maul PL-3XN's Ring of Power [Rating: 69] Favorites ----------- Power Cooled Ion Engine Engine Cooled Ion Engine Power Core Nuclear Core Propulsion Light Treads Treads Light Treads Utility Huge Storage Unit Device Cooling System Storage Huge Storage Unit Processor Tech Extrapolator Hackware Hacking Suite Protection Medium Reactive Plating Weapon Heavy Laser Energy Gun Heavy Laser Energy Cannon Plasma Cannon Ballistic Gun Flak Gun Ballistic Cannon Siege Cannon Launcher Rocket Launcher Special Weapon Mining Laser Piercing Weapon Makeshift Spear Special Melee Weapon Datajack Build | -11 -10 -10 -9 -9 -9 -8 -8 -8 -8 -8 -8 -8 ------- Run | Yrd Mat Min Mat Min Exi Min Mat Gar Mat Sto Rec Scr Slots Evolved 4 | . . . 2 . . . 2 . . . . . Power . | . . . . . . . . . . . . . Propulsion 1 | . . . 1 . . . . . . . . . Utility 2 | . . . 1 . . . 1 . . . . . Weapon 1 | . . . . . . . 1 . . . . . Parts Attached 185 | 6 14 3 38 6 4 6 5 11 14 10 3 65 Power 13 | 1 1 . 4 . . . . 2 1 2 . 2 Engine 10 | 1 . . 3 . . . . 1 1 2 . 2 Core 3 | . 1 . 1 . . . . 1 . . . . Reactor . | . . . . . . . . . . . . . Propulsion 27 | 2 . . 5 2 . 2 . 2 4 . . 10 Treads 27 | 2 . . 5 2 . 2 . 2 4 . . 10 Leg . | . . . . . . . . . . . . . Wheel . | . . . . . . . . . . . . . Hover . | . . . . . . . . . . . . . Flight . | . . . . . . . . . . . . . Utility 52 | 1 3 . 8 . 1 1 3 2 3 2 . 28 Device 21 | . 1 . . . . 1 . . 3 1 . 15 Storage 6 | 1 1 . 3 . . . . . . 1 . . Processor 1 | . . . . . . . . . . . . 1 Hackware 1 | . . . 1 . . . . . . . . . Protection 23 | . 1 . 4 . 1 . 3 2 . . . 12 Artifact . | . . . . . . . . . . . . . Weapon 93 | 2 10 3 21 4 3 3 2 5 6 6 3 25 Energy Gun 39 | . 4 . 8 2 1 1 . 1 5 5 1 11 Energy Cannon 12 | . . . 1 1 . 1 . 2 1 1 1 4 Ballistic Gun 16 | 2 1 2 3 . . . 2 2 . . . 4 Ballistic Cannon 3 | . . . . . . . . . . . . 3 Launcher 12 | . 2 1 5 1 1 1 . . . . . 1 Special Weapon 3 | . 1 . . . . . . . . . . 2 Impact Weapon . | . . . . . . . . . . . . . Slashing Weapon . | . . . . . . . . . . . . . Piercing Weapon 2 | . . . 2 . . . . . . . . . Special Melee Weapon 6 | . 2 . 2 . 1 . . . . . 1 . Unidentified Prototypes 6 | . . . 3 . . . . . . 1 . 2 Corrupted Parts 3 | . . . . . . 3 . . . . . . System Corruption 22 | . . . . . . 22 . . . . . . Parts Lost 15 | . 1 . 4 . . . 1 . . . 1 8 Power 4 | . . . . . . . 1 . . . . 3 Propulsion 3 | . . . 1 . . . . . . . . 2 Utility 5 | . 1 . 1 . . . . . . . . 3 Weapon 3 | . . . 2 . . . . . . . 1 . Highest Loss Streak 3 | . 1 . 1 . . . 1 . . . 1 3 To Critical Strikes 1 | . . . . . . . . . . . . 1 Average Slot Usage (%) 93 | . 99 100 99 98 100 100 99 99 100 98 99 80 Engine 6 | . 10 . 7 . . . . 1 6 8 9 8 Core 3 | . 3 14 3 11 11 11 9 7 2 . . . Treads 26 | . 28 28 32 33 33 33 27 27 27 27 27 18 Device 8 | . 9 . . . . . . . 9 17 18 15 Storage 10 | . 14 14 10 11 11 11 9 9 9 9 9 9 Hackware 6 | . . . 10 11 11 11 9 9 9 9 9 2 Protection 7 | . 4 14 10 11 11 10 17 17 8 . . 4 Energy Gun 13 | . 6 7 14 6 11 11 9 1 14 26 22 12 Energy Cannon 1 | . . . . 4 1 . . 7 1 . 3 . Ballistic Gun 4 | . 14 16 2 . . . 17 18 10 . . 3 Ballistic Cannon 1 | . . . . . . . . . . . . 3 Launcher 1 | . 2 4 1 4 . 10 . . . . . . Peak Build Rating 69 | 6 10 11 23 23 25 30 34 39 44 42 42 69 Average Rating 34 | 5 7 10 18 22 22 25 33 37 41 41 41 51 On Entrance 24 | . 6 10 11 21 22 25 28 31 39 42 42 40 Naked Turns . | . . . . . . . . . . . . . Heaviest Build 144 | 11 30 30 98 99 99 99 111 140 140 107 107 144 Greatest Support 62 | 40 40 40 60 60 60 60 60 60 60 60 60 62 Greatest Overweight (x) 2 | . . . 1 1 1 1 1 2 2 1 1 2 Average Overweight (x) . | . . . . 1 1 1 1 1 1 1 1 1 Largest Inventory Capacity 25 | 8 15 15 25 25 25 25 25 25 25 25 25 25 Average Capacity 23 | 7 14 15 24 25 25 25 25 25 25 25 25 25 Most Carried 25 | 5 14 15 25 25 25 25 25 25 25 25 25 25 Average Carried 22 | 3 8 14 21 24 24 24 24 24 24 24 24 23 Final Capacity 25 | 8 15 15 25 25 25 25 25 25 25 25 25 25 Final Carried 25 | 5 14 15 25 24 25 25 25 25 25 25 25 23 Class Distribution -------------------- 23% | Mutant 18% | Scavenger-Mutant 13% | Skirmisher 11% | Scavenger-Tank 8% | Commander-Tank 6% | Commander-Gunner 6% | Scavenger-Gunner 5% | Commander-Skirmisher Dominant Class ---------------- Mutant | -10/Materials Mutant | -10/Mines Scavenger-Mutant | -9/Materials Scavenger-Mutant | -9/Mines Mutant | -9/Exiles Mutant | -8/Mines Scavenger-Tank | -8/Materials Scavenger-Tank | -8/Garrison Skirmisher | -8/Materials Skirmisher | -8/Storage Commander-Skirmisher | -8/Recycling Commander-Tank | -8/Scraptown Resources | -11 -10 -10 -9 -9 -9 -8 -8 -8 -8 -8 -8 -8 ----------- Run | Yrd Mat Min Mat Min Exi Min Mat Gar Mat Sto Rec Scr Matter Collected 5101 | 304 370 79 686 145 . 49 101 206 361 147 69 2584 Remotely . | . . . . . . . . . . . . . Salvage Created 8859 | 191 476 72 1259 97 . 135 . 244 838 1009 1106 3432 Parts 492 | 14 41 12 75 9 . 11 . 15 48 37 39 191 Haulers Intercepted 9 | . 1 . 5 . . . . . 1 2 . . Recyclers Shooed 11 | 1 1 . 6 . . . . . . 1 2 . Parts Field Recycled . | . . . . . . . . . . . . . Retrieved Matter . | . . . . . . . . . . . . . Parts Self-Destructed . | . . . . . . . . . . . . . Prevented . | . . . . . . . . . . . . . Kills | -11 -10 -10 -9 -9 -9 -8 -8 -8 -8 -8 -8 -8 ------- Run | Yrd Mat Min Mat Min Exi Min Mat Gar Mat Sto Rec Scr Combat Hostiles Destroyed 163 | . 11 6 29 9 . . . 8 14 17 5 64 Guns 77 | . 6 . 12 2 . . . 8 14 16 4 15 Cannons 48 | . . . . . . . . . . . 1 47 AOE 37 | . 5 6 17 7 . . . . . . . 2 Classes Destroyed 25 | 2 7 . 1 2 . 1 . 1 2 . 1 8 Worker 7 | . 2 . 3 . . . . . 1 1 . . Builder 1 | . . . . . . 1 . . . . . . Tunneler 10 | 4 . 2 2 1 . 1 . . . . . . Hauler 9 | . 1 . 5 . . . . . 1 2 . . Recycler 20 | 1 . . 6 . . 1 . . 2 . 10 . Mechanic 2 | . 1 . . . . . . . 1 . . . Operator 4 | . 1 . 1 . . . . . . . . 2 Watcher 6 | . 3 . 1 . . . . . 1 1 . . Swarmer 37 | . 6 6 15 4 . . . 3 2 1 . . Grunt 27 | . 5 . 7 . . . . 2 5 8 . . Brawler 1 | . . . . . . . . . 1 . . . Duelist 1 | . . . . . . . . . 1 . . . Sentry 24 | . . . 7 . . . . 2 5 8 2 . Demolisher 1 | . . . . 1 . . . . . . . . Hunter 2 | . . . . . . . . . . . 2 . Programmer 2 | . . . . . . . . 1 . . 1 . Federalist 5 | . . . . . . . . . . . . 5 Explorer 7 | . . . . . . . . . . . . 7 Ranger 5 | . . . . . . . . . . . . 5 Guru 5 | . . . . . . . . . . . . 5 Scientist 5 | . . . . . . . . . . . . 5 Scrapper 25 | . . . . . . . . . . . . 25 Elite 16 | . . . . . . . . . . . . 16 Tinkerer 2 | . . . . . . . . . . . . 2 Assembled 4 | . . . . 4 . . . . . . . . Savage 1 | . . . . . . . . . . . . 1 Best Kill Streak 10 | 2 3 4 5 4 . 3 . 3 4 6 3 10 Combat Bots Only 9 | . 3 3 4 4 . . . 3 2 6 3 9 Max Kills in Single Turn 4 | 1 2 2 4 2 . 1 . 1 1 1 1 2 Gunslinging . | . . . . . . . . . . . . . Exploded 4 | . 2 2 4 2 . . . . . . . 2 Melee . | . . . . . . . . . . . . . Uniques/NPCs Destroyed 1 | . . . . . . . . . . . . 1 Triborg (-8/Scraptown) Combat | -11 -10 -10 -9 -9 -9 -8 -8 -8 -8 -8 -8 -8 -------- Run | Yrd Mat Min Mat Min Exi Min Mat Gar Mat Sto Rec Scr Hostile Shots Fired 763 | . 44 9 91 12 . . 27 27 59 55 21 418 Missed 187 | . 6 . 27 4 . . 3 7 20 22 7 91 Damage Taken 7825 | . 420 67 764 272 . . 436 224 506 496 225 4415 Core 733 | . 60 8 108 6 . . 32 . 63 43 14 399 Absorbed by Shields 331 | . . . . . . . . . . . . 331 Reduced by Siege Mode 423 | . . . . . . . . . . . . 423 Redirected to Shielding 85 | . 5 11 62 . . . . . . . . 7 Ignored by Resistances 461 | . . . . . . . . 23 45 . . 393 Regen/Repaired (Parts) 833 | . . . 218 . . . . . . 268 . 347 Core Remaining (%) 81 | 100 . 72 . . . 71 . . . . . . Volleys Fired 599 | 14 76 9 92 11 . 20 . 26 54 77 26 194 Largest 3 | 2 2 2 2 2 . 1 . 3 3 3 3 3 Hottest 218 | 40 100 60 133 133 . 65 . 136 207 207 218 205 Shots Fired 1092 | 28 126 14 161 17 . 20 . 47 136 177 67 299 Gun 881 | 28 111 10 146 9 . 20 . 29 133 174 58 163 Cannon 172 | . . . 3 3 . . . 18 3 3 9 133 Launcher 30 | . 7 4 12 5 . . . . . . . 2 Special 9 | . 8 . . . . . . . . . . 1 Kinetic 434 | 28 72 7 60 . . . . 24 26 . . 217 Thermal 627 | . 47 3 89 12 . 20 . 23 110 177 67 79 Explosive 30 | . 7 4 12 5 . . . . . . . 2 Electromagnetic . | . . . . . . . . . . . . . Robot Hit Streak 17 | 11 10 6 12 2 . 4 . 6 16 12 9 17 Robot Miss Streak 8 | 1 6 1 8 3 . 3 . 5 7 2 2 7 Penetration Max 1 | . . . . . . . . . . . . 1 Secondary Targets 7 | . . . 1 . . . . . 2 1 1 2 Max Gunslinging Chain 1 | . . . 1 . . . . . 1 1 1 1 Shots Hit Robots 674 | 18 68 7 117 8 1 11 . 27 79 104 60 174 Core Hits 396 | 7 35 9 119 12 . 5 . 28 48 32 20 81 Critical Kills 2 | . . . 1 . . . . . . . . 1 Critical Parts Destroyed 2 | . . . 2 . . . . . . . . . Critical Strikes 21 | . . . 3 . . . . . 4 8 1 5 Burn 13 | . . . . . . . . . 4 8 1 . Meltdown 1 | . . . . . . . . . . . . 1 Destroy 3 | . . . 3 . . . . . . . . . Blast 4 | . . . . . . . . . . . . 4 Melee Attacks 44 | . 2 . 8 8 1 . . . . . 25 . Impact . | . . . . . . . . . . . . . Slashing . | . . . . . . . . . . . . . Piercing 15 | . . . 7 8 . . . . . . . . Sneak Attacks 30 | . 2 . 1 2 1 . . . . . 24 . Combat Hostiles 21 | . . . . . . . . . . . 21 . Follow-up Attacks . | . . . . . . . . . . . . . Damage Inflicted 20038 | 184 1116 382 2727 651 . 202 5 393 1468 2066 777 10067 Guns 8996 | 184 785 67 1493 72 . 202 . 360 1468 2066 668 1631 Cannons 8333 | . . . 22 20 . . . 33 . . 109 8149 Explosions 2566 | . 331 315 1188 452 . . . . . . . 280 Melee 131 | . . . 24 107 . . . . . . . . Ramming 12 | . . . . . . . 5 . . . . 7 Kinetic 10732 | 184 514 57 514 . . . . 332 288 . . 8843 Thermal 6639 | . 271 10 1001 92 . 202 . 61 1180 2066 777 979 Explosive 2464 | . 271 315 1188 452 . . . . . . . 238 Electromagnetic 60 | . 60 . . . . . . . . . . . Impact . | . . . . . . . . . . . . . Slashing . | . . . . . . . . . . . . . Piercing 131 | . . . 24 107 . . . . . . . . Highest Corruption 22 | . 2 2 . . . 22 . 3 3 3 3 3 Average Corruption 2 | . 2 2 . . . 16 . 2 3 3 3 1 Corruption Purged . | . . . . . . . . . . . . . Corruption Blocked . | . . . . . . . . . . . . . Effects 168 | . 20 7 . . . . . 13 24 46 34 24 Message Errors 42 | . 5 2 . . . . . 2 6 13 9 5 Matter Fused 33 | . 2 1 . . . . . 3 6 9 3 9 Heat Flow Errors 22 | . 4 2 . . . . . 4 1 5 4 2 Energy Discharges 19 | . 3 . . . . . . 2 3 6 3 2 Parts Rejected 2 | . 1 . . . . . . . 1 . . . Parts Fused 3 | . . . . . . . . . 2 1 . . Data Loss (minor) 16 | . 2 1 . . . . . . 2 5 5 1 Data Loss (major) 13 | . . 1 . . . . . 2 2 3 4 1 Misfires 4 | . 2 . . . . . . . . . 2 . Alerts 8 | . 1 . . . . . . . . 1 4 2 Weapon Failures 6 | . . . . . . . . . 1 3 . 2 Overload Shots . | . . . . . . . . . . . . . Overflow Damage 1214 | . . . 47 64 . . . . . . 15 1088 Projectiles 1103 | . . . . . . . . . . . 15 1088 Explosions 64 | . . . 47 17 . . . . . . . . Melee 47 | . . . . 47 . . . . . . . . Knockbacks 18 | . . . . . . . . . . . . 18 Impact . | . . . . . . . . . . . . . Kinetic 18 | . . . . . . . . . . . . 18 Secondary . | . . . . . . . . . . . . . Self-Inflicted Damage 222 | . 50 . . 89 . . . . . . . 83 Shots 8 | . 2 . . 5 . . . . . . . 1 Rammed 2 | . . . . . . . 1 . . . . 1 Targets Rammed 2 | . . . . . . . 1 . . . . 1 Kicked . | . . . . . . . . . . . . . Crushed . | . . . . . . . . . . . . . Highest Temperature 451 | . 275 173 364 246 . 90 15 260 331 216 215 451 Average Temperature 98 | . 51 55 70 105 . 38 10 88 99 47 117 135 Received Heat Transfer 3101 | . 102 . 210 60 . . 207 18 225 315 9 1955 Effects 20 | . 1 . 1 . . . . 1 3 . . 14 Shutdowns 3 | . . . . . . . . . . . . 3 Energy Bleed 5 | . . . . . . . . 1 . . . 4 Interference 9 | . 1 . 1 . . . . . 3 . . 4 Short Circuit 2 | . . . . . . . . . . . . 2 Damage (minor) 1 | . . . . . . . . . . . . 1 Siege Activations 30 | . . . . . . . . . . . . 30 Total Turns 501 | . . . . . . . . . . . . 501 Longest Duration 72 | . . . . . . . . . . . . 72 Robots Corrupted . | . . . . . . . . . . . . . Combat Hostiles . | . . . . . . . . . . . . . Parts Fried . | . . . . . . . . . . . . . Impact Corruptions . | . . . . . . . . . . . . . Robots Melted 2 | . . . . . . . . . . 1 . 1 Combat Hostiles 1 | . . . . . . . . . . 1 . . Parts Melted 39 | . 1 . 1 . . . . . 5 14 1 17 Heat Transferred 12942 | . 600 25 1341 222 . 481 . 124 2627 4514 1569 1439 Parts Sabotaged . | . . . . . . . . . . . . . Parts Stolen . | . . . . . . . . . . . . . Parts Stripped . | . . . . . . . . . . . . . Power Chain Reactions 1 | . 1 . . . . . . . . . . . Alert | -11 -10 -10 -9 -9 -9 -8 -8 -8 -8 -8 -8 -8 ------- Run | Yrd Mat Min Mat Min Exi Min Mat Gar Mat Sto Rec Scr Peak Influence 486 | 25 239 159 350 199 . 15 44 486 370 354 186 . Initial 236 | . 16 54 33 92 . . 5 24 236 55 128 . Average 110 | 10 119 91 103 43 . 3 24 274 251 103 92 . Maximum Alert Level 2 | . 1 . 1 . . . . 2 1 1 . . Low Security (%) 79 | 100 85 100 74 100 . 100 100 37 11 84 100 . Level 1 19 | . 14 . 25 . . . . 60 88 15 . . Level 2 . | . . . . . . . . 1 . . . . Level 3 . | . . . . . . . . . . . . . Level 4 . | . . . . . . . . . . . . . Level 5 . | . . . . . . . . . . . . . High Security . | . . . . . . . . . . . . . Max Security . | . . . . . . . . . . . . . Squads Dispatched 11 | . 3 . 4 . . . 1 . 2 1 . . Investigation 7 | . 2 . 3 . . . . . 1 1 . . Extermination . | . . . . . . . . . . . . . Reinforcement 4 | . 1 . 1 . . . 1 . 1 . . . Assault . | . . . . . . . . . . . . . Garrison . | . . . . . . . . . . . . . Intercept . | . . . . . . . . . . . . . Searches Triggered . | . . . . . . . . . . . . . Construction Impeded . | . . . . . . . . . . . . . Haulers Reinforced . | . . . . . . . . . . . . . Active Scanning Responses . | . . . . . . . . . . . . . Cargo Convoy Interrupts . | . . . . . . . . . . . . . Stealth | -11 -10 -10 -9 -9 -9 -8 -8 -8 -8 -8 -8 -8 --------- Run | Yrd Mat Min Mat Min Exi Min Mat Gar Mat Sto Rec Scr Distress Signals 13 | . 3 . 2 . . . . . 5 2 . 1 Communications Jammed . | . . . . . . . . . . . . . Distress Signals . | . . . . . . . . . . . . . Times Spotted 232 | . 27 6 44 10 . . 7 7 28 24 7 72 Peak Tracking Total 8 | . 3 3 5 4 . . 8 3 5 8 4 7 Tactical Retreats 12 | . . . 2 . . . . . 2 3 . 5 Traps | -11 -10 -10 -9 -9 -9 -8 -8 -8 -8 -8 -8 -8 ------- Run | Yrd Mat Min Mat Min Exi Min Mat Gar Mat Sto Rec Scr Traps Triggered 15 | . 2 . 3 1 . . 1 4 2 2 . . Indirectly . | . . . . . . . . . . . . . Trap Hack Attempts 78 | . 78 . . . . . . . . . . . Triggered . | . . . . . . . . . . . . . Disarmed 2 | . 2 . . . . . . . . . . . Reprogrammed 4 | . 4 . . . . . . . . . . . Reused 1 | . 1 . . . . . . . . . . . Traps Extracted . | . . . . . . . . . . . . . Installed . | . . . . . . . . . . . . . Triggered 2 | . 2 . . . . . . . . . . . Objects Rigged 16 | . . . . . . . . . . . . 16 Exploded 9 | . . . . . . . . . . . . 9 Machines | -11 -10 -10 -9 -9 -9 -8 -8 -8 -8 -8 -8 -8 ---------- Run | Yrd Mat Min Mat Min Exi Min Mat Gar Mat Sto Rec Scr Machines Disabled 29 | . 2 1 2 1 . . . 3 1 3 1 15 Max in Single Turn 2 | . 1 1 1 1 . . . 1 1 1 1 2 Garrison Access 1 | . . . . . . . . . . 1 . . Garrison Relay 2 | . . . . . . . . 2 . . . . Machines Repaired . | . . . . . . . . . . . . . Machines Dismantled 1 | . . . . . . . . . . . . 1 Machines Sabotaged . | . . . . . . . . . . . . . Overloaded Fab Kills . | . . . . . . . . . . . . . Hacking | -11 -10 -10 -9 -9 -9 -8 -8 -8 -8 -8 -8 -8 --------- Run | Yrd Mat Min Mat Min Exi Min Mat Gar Mat Sto Rec Scr Machines Accessed 51 | . 7 . 13 1 2 . 2 1 5 11 7 2 Terminals 32 | . 5 . 9 . . . 1 1 5 8 3 . Fabricators . | . . . . . . . . . . . . . Repair Stations 3 | . . . 1 . . . . . . 2 . . Recycling Units 8 | . 2 . 2 . . . . . . . 4 . Scanalyzers 1 | . . . 1 . . . . . . . . . Garrison Access 2 | . . . . . . . 1 . . 1 . . Total Hacks 157 | . 22 . 44 1 7 . 4 3 18 35 17 6 Successful 102 | . 11 . 29 1 7 . 3 2 11 23 9 6 Failed 55 | . 11 . 15 . . . 1 1 7 12 8 . Catastrophic 6 | . 2 . . . . . . . 1 1 2 . Database Lockouts . | . . . . . . . . . . . . . Manual 60 | . 15 . 16 . 1 . . 1 9 9 9 . Terminals 100 | . 17 . 35 . . . 2 3 18 18 7 . Fabricators . | . . . . . . . . . . . . . Repair Stations 18 | . . . 4 . . . . . . 14 . . Recycling Units 19 | . 5 . 4 . . . . . . . 10 . Scanalyzers 1 | . . . 1 . . . . . . . . . Garrison Access 5 | . . . . . . . 2 . . 3 . . Terminal Hacks 65 | . 7 . 18 1 7 . 2 1 11 10 2 6 Record 12 | . . . . . 6 . . . . . . 6 Part Schematic 4 | . 2 . 1 . . . . . . 1 . . Robot Schematic 1 | . . . 1 . . . . . . . . . Robot Analysis 7 | . 2 . 3 . . . . . . . 2 . Prototype ID Bank 5 | . 1 . 1 . . . 1 . 2 . . . Open Door 3 | . . . . 1 . . . . . 2 . . Branch Access Points 3 | . . . 1 . . . . . 1 1 . . Emergency Access Points 2 | . . . 1 . . . . . 1 . . . Terminal Index 2 | . . . 1 . . . . . . 1 . . Alert Level 5 | . . . 2 . . . . . 3 . . . Unreport Threat 6 | . . . 4 . . . . . 2 . . . Locate Traps 4 | . 1 . 1 . . . . . 1 1 . . Hauler Manifests 4 | . 1 . 1 . . . . . 1 1 . . Zone Layout 5 | . . . 1 . . . 1 . . 3 . . Garrison Registry 1 | . . . . . . . . 1 . . . . Derelict Proto ID Bank 1 | . . . . . 1 . . . . . . . Fabricator Hacks . | . . . . . . . . . . . . . Repair Station Hacks 14 | . . . 4 . . . . . . 10 . . Scan Component 7 | . . . 2 . . . . . . 5 . . Repair 7 | . . . 2 . . . . . . 5 . . Recycling Unit Hacks 7 | . 1 . 3 . . . . . . . 3 . Retrieve Matter 1 | . . . 1 . . . . . . . . . Retrieve Components 6 | . 1 . 2 . . . . . . . 3 . Scanalyzer . | . . . . . . . . . . . . . Garrison Access Hacks 2 | . . . . . . . 1 . . 1 . . Unlock Access 1 | . . . . . . . 1 . . . . . Seal Access 1 | . . . . . . . . . . 1 . . Unauthorized Hacks 14 | . 3 . 4 . . . . 1 . 2 4 . Terminals 11 | . 3 . 4 . . . . 1 . 2 1 . Track 1 | . . . 1 . . . . . . . . . Assimilate 1 | . 1 . . . . . . . . . . . Botnet 2 | . 1 . 1 . . . . . . . . . Disrupt 3 | . . . 1 . . . . . . 1 1 . Operators 3 | . 1 . 1 . . . . . . 1 . . Override 1 | . . . . . . . . 1 . . . . Fabricators . | . . . . . . . . . . . . . Repair Stations . | . . . . . . . . . . . . . Recycling Units 3 | . . . . . . . . . . . 3 . Tunnel 3 | . . . . . . . . . . . 3 . Scanalyzers . | . . . . . . . . . . . . . Garrison Access . | . . . . . . . . . . . . . Data Cores Recovered . | . . . . . . . . . . . . . Used . | . . . . . . . . . . . . . Hacking Detections 35 | . 7 . 9 . . . 1 . 5 8 5 . Full Trace Events 7 | . 4 . 1 . . . . . . 1 1 . Feedback Events . | . . . . . . . . . . . . . Feedback Blocked . | . . . . . . . . . . . . . Robot Schematics Acquired 1 | . . . 1 . . . . . . . . . Robots Built . | . . . . . . . . . . . . . Authchips . | . . . . . . . . . . . . . Time . | . . . . . . . . . . . . . Total Robot Build Rating . | . . . . . . . . . . . . . Part Schematics Acquired 9 | . 2 . 1 . . . . . . 1 . 5 Parts Built . | . . . . . . . . . . . . . Authchips . | . . . . . . . . . . . . . Time . | . . . . . . . . . . . . . Total Part Build Rating . | . . . . . . . . . . . . . Parts Repaired 7 | . . . 2 . . . . . . 5 . . Time 280 | . . . 58 . . . . . . 222 . . Parts Recycled . | . . . . . . . . . . . . . Recycled Matter . | . . . . . . . . . . . . . Retrieved Matter . | . . . . . . . . . . . . . Retrieved Components 28 | . 5 . 11 . . . . . . . 12 . Parts Scanalyzed . | . . . . . . . . . . . . . Part Schematics Acquired . | . . . . . . . . . . . . . Parts Damaged . | . . . . . . . . . . . . . Bothacking | -11 -10 -10 -9 -9 -9 -8 -8 -8 -8 -8 -8 -8 ------------ Run | Yrd Mat Min Mat Min Exi Min Mat Gar Mat Sto Rec Scr Used RIF Installer . | . . . . . . . . . . . . . Robots Hacked 3 | . 1 . 1 . 1 . . . . . . . Non-combat 3 | . 1 . 1 . 1 . . . . . . . Combat . | . . . . . . . . . . . . . Robot Hacks Applied 3 | . 1 . 1 . 1 . . . . . . . parse_system 1 | . . . . . 1 . . . . . . . no_distress 2 | . 1 . 1 . . . . . . . . . Relay Couplers Released 12 | . . . . . . . . 11 . 1 . . Machine Destruction 9 | . . . . . . . . 8 . 1 . . Programmers 3 | . . . . . . . . 3 . . . . Fabnet Peak Effective % . | . . . . . . . . . . . . . Robots Rewired 17 | . . . . . . . . . . . 17 . Allies Hacked . | . . . . . . . . . . . . . Hacks Repelled . | . . . . . . . . . . . . . Allies | -11 -10 -10 -9 -9 -9 -8 -8 -8 -8 -8 -8 -8 -------- Run | Yrd Mat Min Mat Min Exi Min Mat Gar Mat Sto Rec Scr Total Allies 23 | . 1 3 . 2 . . . . . . 17 . Largest Group 15 | . 1 . 3 2 . . . . . . 15 15 Highest-Rated Group 252 | . 10 . 40 51 . . . . . . 252 252 Highest-Rated Ally 31 | . 10 . 16 31 . . . . . . 29 29 Total Orders 23 | . 2 . . . . . . . . . 13 8 STAY 10 | . 1 . . . . . . . . . 7 2 FOLLOW 11 | . 1 . . . . . . . . . 5 5 DROP 1 | . . . . . . . . . . . . 1 PICKUP 1 | . . . . . . . . . . . 1 . Ally Attacks 187 | . . . 38 1 . . . . . . 19 129 Total Damage 3135 | . . . 432 21 . . . . . . 389 2293 Kills 33 | . . . 6 . . . . . . . 4 23 Allies Corrupted . | . . . . . . . . . . . . . Allies Melted 1 | . . . . . . . . . . . . 1 Intel | -11 -10 -10 -9 -9 -9 -8 -8 -8 -8 -8 -8 -8 ------- Run | Yrd Mat Min Mat Min Exi Min Mat Gar Mat Sto Rec Scr Robot Analysis Total 7 | . 2 . 3 . . . . . . . 2 . Derelict Logs Recovered 2 | . . 2 . . . . . . . . . . Drone Launches . | . . . . . . . . . . . . . Drone Recoveries . | . . . . . . . . . . . . . Exploration | -11 -10 -10 -9 -9 -9 -8 -8 -8 -8 -8 -8 -8 ------------- Run | Yrd Mat Min Mat Min Exi Min Mat Gar Mat Sto Rec Scr Turns Passed 23365 | 234 1753 786 3679 1560 663 964 245 1223 948 1797 2098 7415 Spaces Moved 7501 | 115 728 474 1007 534 272 377 75 344 235 392 733 2215 Core 2 | 2 . . . . . . . . . . . . Treads 7499 | 113 728 474 1007 534 272 377 75 344 235 392 733 2215 Legs . | . . . . . . . . . . . . . Wheels . | . . . . . . . . . . . . . Hover . | . . . . . . . . . . . . . Flight . | . . . . . . . . . . . . . Fastest Speed 50 | 50 160 160 160 240 240 240 240 240 240 250 250 230 Average Speed 239 | 158 160 160 223 240 240 240 240 294 286 250 250 273 Slowest Speed 340 | 160 160 160 240 240 240 240 240 320 330 250 250 340 Overloaded Moves . | . . . . . . . . . . . . . Propulsion Burnouts . | . . . . . . . . . . . . . Robots Hopped . | . . . . . . . . . . . . . Cave-ins Triggered . | . . . . . . . . . . . . . Time Travels 1 | . . . . . . . . . . . . 1 Exploration Rate (%) 63 | 9 79 89 94 98 61 75 11 40 40 74 94 59 Regions Visited 12 Branch Regions 7 Pre-discovered Areas 5 | . . 1 . . 1 . . . . . 3 . Known Exits Taken 4 | . . . 1 . . . 1 . 1 1 . . Unknown Exits Taken 7 | 1 1 1 . 1 1 1 . . . . 1 . Scrap Searched 9 | . . 1 . 2 . 1 . . . . . 5 Spaces Dug 85 | . 34 9 17 22 . . . . 2 1 . . Terrain Destroyed 382 | . 49 30 111 42 . . . . 2 4 5 139 Melee 10 | . . . 5 5 . . . . . . . . Projectile 144 | . 8 . . . . . . . 2 4 5 125 AOE 228 | . 41 30 106 37 . . . . . . . 14 Terrain Rammed . | . . . . . . . . . . . . . Walls Destroyed . | . . . . . . . . . . . . . Machines Disabled . | . . . . . . . . . . . . . Actions | -11 -10 -10 -9 -9 -9 -8 -8 -8 -8 -8 -8 -8 --------- Run | Yrd Mat Min Mat Min Exi Min Mat Gar Mat Sto Rec Scr Total 11871 | 139 1174 488 2271 789 283 415 138 515 400 1065 932 3262 Wait 3083 | . 267 . 1045 219 . 9 55 122 78 574 97 617 Move 7490 | 114 727 473 1006 533 271 376 75 343 234 391 732 2215 Hop . | . . . . . . . . . . . . . Pick Up 129 | 5 9 2 50 6 3 2 . . 7 3 1 41 Fast Attach 50 | 6 2 . 8 . 1 . 2 3 4 6 1 17 Attach 42 | . 2 . 7 2 . . 1 1 . . 1 28 Detach 20 | . . . 1 . . . 1 1 . . 1 16 Swap 95 | . 10 3 25 4 3 6 2 7 10 4 1 20 Drop 130 | . 1 1 29 6 4 2 1 6 13 6 1 60 Fire 599 | 14 76 9 92 11 . 20 . 26 54 77 26 194 Melee 44 | . 2 . 8 8 1 . . . . . 25 . Ram . | . . . . . . . . . . . . . Kick . | . . . . . . . . . . . . . Crush 2 | . . . . . . . 1 . . . . 1 Escape Stasis 10 | . . . . . . . . 6 . 4 . . Rewire 46 | . . . . . . . . . . . 46 . Trap 94 | . 78 . . . . . . . . . . 16 Miscellaneous 37 | . . . . . . . . . . . . 37 Route ------- -11/Scrapyard -10/Materials (discovered 3 exits: *Mat x2 / [*Min]) -10/Mines (discovered 2 exits: *Mat x2) -9/Materials (discovered 4 exits: *Mat x3 / *Min) -9/Mines (discovered 3 exits: *Mat x2 / *Exi) -9/Exiles (discovered 2 exits: [*Min x2]) -8/Mines -8/Materials -8/Garrison (discovered 4 exits: *Mat x4) -8/Materials (discovered 2 exits: [*Fac] / *Sto) -8/Storage (discovered 2 exits: [*Fac] / *Rec) -8/Recycling (discovered 2 exits: [*Fac] / *Scr) -8/Scraptown (discovered 1 exit: [*Fac]) History --------- Turn | Location | Event 18 | -11/Scrapyard | Discovered new exit (range 16) 235 | -11/Scrapyard | Entered Materials 312 | -10/Materials | Build established: Mutant 707 | -10/Materials | Discovered new exit (range 10) 1017 | -10/Materials | Discovered new exit (range 11) 1211 | -10/Materials | Discovered new exit (range 6) 1988 | -10/Materials | Entered Mines 1998 | -10/Mines | Discovered new exit (range 7) 2266 | -10/Mines | Learned location of Storage (-8) 2343 | -10/Mines | A weapon hastily lodged in a ceiling crevice suddenly fell to the ground 2568 | -10/Mines | Learned Materials stockpile data 2728 | -10/Mines | Discovered new exit (range 6) 2771 | -10/Mines | Assisted by bots powering up and referring to "LRC-V3" 2774 | -10/Mines | Entered Materials 2774 | -9/Materials | Accompanied by 3 allies 2774 | -9/Materials | Evolved 2 slots: Propulsion x1, Utility x1 3263 | -9/Materials | Discovered new exit (range 5) 3526 | -9/Materials | Identified exit to Mines 3568 | -9/Materials | Build established: Scavenger-Mutant 5234 | -9/Materials | Discovered new exit (range 3) 5708 | -9/Materials | Discovered new exit (range 16) 6075 | -9/Materials | Repaired Shield Generator 6101 | -9/Materials | Repaired Huge Storage Unit 6453 | -9/Materials | Entered Mines 6588 | -9/Mines | Discovered new exit (range 9) 6875 | -9/Mines | Assembled infested the area 6880 | -9/Mines | Assisted by a Guerilla fighting off Assembled 7264 | -9/Mines | Received a Rocket Launcher from a helpful Derelict 7267 | -9/Mines | Discovered new exit (range 8) 7389 | -9/Mines | Met a Derelict who couldn't figure out how to use a Trap Extractor 7706 | -9/Mines | Build established: Mutant 7984 | -9/Mines | Deemed a non-threat by the Exiles lab entrance 7984 | -9/Mines | Discovered new exit (range 5) 8013 | -9/Mines | Entered Exiles 8052 | -9/Exiles | Discovered new exit (range 14) 8088 | -9/Exiles | Met 8R-AWN 8121 | -9/Exiles | Met EX-HEX 8196 | -9/Exiles | Met EX-BIN 8223 | -9/Exiles | Aligned with FarCom system 8225 | -9/Exiles | Given EX-Vault access code 8280 | -9/Exiles | Opened EX-Vault 8295 | -9/Exiles | Found YOLO Cannon 8357 | -9/Exiles | Found PSU Rigger 8366 | -9/Exiles | Found Chronowheel 8417 | -9/Exiles | Warned to stay clear of 0b10 Research branches 8489 | -9/Exiles | Met EX-DEC 8503 | -9/Exiles | Learned location of Zion (-6) 8649 | -9/Exiles | Discovered new exit (range 10) 8676 | -9/Exiles | Stole three prototypes: PSU Rigger, Chronowheel, YOLO Cannon 8676 | -9/Exiles | Entered Mines 9125 | -8/Mines | Discovered new exit (range 12) 9636 | -8/Mines | System corruption reached 10% 9640 | -8/Mines | Entered Materials 9640 | -8/Materials | Evolved 2 slots: Utility x1, Weapon x1 9885 | -8/Materials | Identified exit to Garrison 9885 | -8/Materials | Entered Garrison 9917 | -8/Garrison | Build established: Scavenger-Tank 10009 | -8/Garrison | Discovered new exit (range 34) 10009 | -8/Garrison | Discovered new exit (range 55) 10009 | -8/Garrison | Discovered new exit (range 62) 10009 | -8/Garrison | Discovered new exit (range 18) 10009 | -8/Garrison | Identified exit to Materials 10079 | -8/Garrison | Triggered checkpoint 10417 | -8/Garrison | Triggered checkpoint 10477 | -8/Garrison | Garrison Relay disabled 10485 | -8/Garrison | Garrison Relay disabled 10651 | -8/Garrison | Triggered checkpoint 11108 | -8/Garrison | Entered Materials 11321 | -8/Materials | Identified exit to Storage 11526 | -8/Materials | Build established: Skirmisher 12054 | -8/Materials | Discovered new exit (range 16) 12056 | -8/Materials | Entered Storage 12057 | -8/Storage | Identified exit to Recycling 12368 | -8/Storage | Repaired Hvy. Laser 12420 | -8/Storage | Repaired Cld. Ion Engine 12466 | -8/Storage | Repaired Med. Reactive Plating 12498 | -8/Storage | Repaired Cooling System 12931 | -8/Storage | Discovered new exit (range 13) 13820 | -8/Storage | Repaired Cld. Ion Engine 13848 | -8/Storage | Used back door to open Recycling access 13853 | -8/Storage | Entered Recycling 15050 | -8/Recycling | Build established: Commander-Skirmisher 15506 | -8/Recycling | Discovered new exit (range 9) 15856 | -8/Recycling | Scanned before Scraplab entrance 15913 | -8/Recycling | Entered Scraplab 15933 | -8/Recycling | Discovered new exit (range 2) 15951 | -8/Recycling | Entered Scraptown 15951 | -8/Scraptown | Accompanied by 15 allies 15951 | -8/Scraptown | System corruption cleaned by C-Scrubber 16259 | -8/Scraptown | Build established: Commander-Gunner 16285 | -8/Scraptown | Visited Fellowship of the Rings 16360 | -8/Scraptown | Visited The Evicted 16405 | -8/Scraptown | Visited Spacefarers 16443 | -8/Scraptown | Visited Comm Corps 16508 | -8/Scraptown | Heard Great Nut preacher, LISTEN AND RECITE! 16600 | -8/Scraptown | Discovered new exit (range 13) 17001 | -8/Scraptown | Build established: Commander-Tank 17383 | -8/Scraptown | Visited Cyclists 17450 | -8/Scraptown | Visited CR-KLE's Repair Center 17467 | -8/Scraptown | CR-KLE repaired 5 parts 17559 | -8/Scraptown | Visited Assassins FH 17687 | -8/Scraptown | Activated Chronowheel 17687 | -8/Scraptown | Spacetime reconverged on an earlier point 17997 | -8/Scraptown | Build established: Commander-Gunner 18865 | -8/Scraptown | Build established: Commander-Tank 19035 | -8/Scraptown | Murdered Triborg 19035 | -8/Scraptown | Attacked by Scraptown defenders 19063 | -8/Scraptown | Found Prototype Ballistic Cannon 19063 | -8/Scraptown | Identified Siege Cannon 19069 | -8/Scraptown | Found Tri-treads 19095 | -8/Scraptown | Found Siege Articulator 19106 | -8/Scraptown | Found Siege Articulator 19235 | -8/Scraptown | Destroyed 9 combat bots 19278 | -8/Scraptown | Found PL-3XN's Ring of Power 19407 | -8/Scraptown | Lost 3 allies 19706 | -8/Scraptown | Lost 7 allies 19763 | -8/Scraptown | Core integrity fell below 50% 19810 | -8/Scraptown | Lost 3 parts (1p2u) 19823 | -8/Scraptown | Found Scrap Suit 19827 | -8/Scraptown | Found Scrap Suit 19843 | -8/Scraptown | Found Prototype Device 19843 | -8/Scraptown | Identified Exp. Recalibrator 20001 | -8/Scraptown | Entered Cyclist Reading Room 20124 | -8/Scraptown | Build established: Scavenger-Scrapper 20221 | -8/Scraptown | Found Tri-treads 20752 | -8/Scraptown | Build established: Scavenger-Tank 20771 | -8/Scraptown | System corruption cleaned by C-Scrubber 21751 | -8/Scraptown | Tech Extrapolator generated special schematic: Machine Rigger 21784 | -8/Scraptown | Build established: Scavenger-Gunner 21843 | -8/Scraptown | System corruption cleaned by C-Scrubber 23301 | -8/Scraptown | Core integrity fell below 20% 23340 | -8/Scraptown | Destroyed 8 combat bots 23366 | -8/Scraptown | Destroyed by F9-V0X(E) with Overtuned Barrage Gun Last Messages --------------- 23334_ Siege Cannon functionality restored. 23337_ Penetrated by Slug. 23338_ Activated siege mode. 23338_ Siege Slug penetrates PI-ZBN(E). 23340_ PI-ZBN(E) destroyed. 23342_ Siege Slug penetrates DG-WBP(E). 23343_ Overheating: Energy bleed (-46). 23344_ Overheating: Energy bleed (-31). 23344_ Siege Slug penetrates DG-WBP(E). 23344_ DG-WBP(E) destroyed. 23349_ Ended siege mode. 23349_ Critical hit (Destroy). 23349_ Imp. Deuterium Engine destroyed. 23351_ Tri-treads destroyed. 23356_ Med. Reactive Plating destroyed. 23359_ Critical hit (Burn: +50). 23360_ Overheating: System interference. 23360_ YOLO Cannon temporarily disabled. 23364_ Critical hit (Destroy). 23365_ Critical hit (Burn: +50). Map ----- +----------------------------------------------------+ | #####"""""""""""# ##"#???????????????????????????? | | =%= #???????????????????????????? | | !! #???????????????????????????? | | #???????????????????????????? | | !%= ! #???????????????????????????? | | [ [ ! #???????????????????????????? | | ######!%!*"" ! ##??????????????????????????? | | =%==" = "#??????????????????????????? | | !=!%!= ! ##??????????????????????????? | | !=%=%[ = ! #???????????????????????????? | | """" "" %!=%= = !%*#???????????????????????????? | | """"" """"*"%!! ! #???????????????????????????? | | """"" """"%= == ###?#???????????????????????? | | """"" """"![%= = ""#"#???????????????????????? | | """""""""""=%![ [!""""#???????????????????????? | | """"""""""""!! !%""###???????????????????????? | | """""""""""*!!=! ==###????????????"????????????? | | ?#########"! ! = * #####????????? " ???????????? | | ??????## # !%!!= * "??????? ???????????? | | ####### *=[% *"?????? "???????????? | | # # # [=*= !!* "????? ""???????????? | | # =%! [ !! ! "???? ""#??????????? | | # =! !"!!= =[% %=!|%= """"j%[ #??????????? | | %%!%%= = %% !=[! = | ![ t%jj!= % %""???????????? | | %%[*%!* %=!!! = !! [ = %E=[[!= ?????????????? | | % &= *=!= ! !!* @%%"????????????????????? | | % ! == "????????????????????? | | [= *!!% ""????????????????????? | | *! ""?????????????????????? | | *![ ! % ;""??????????????????????? | | %* ! ;"???????????????????????? | | ##*!= ### ## # #% ###; ???????????????????????? | | # # ! # #?#; ???????????????????????? | | ""# ### ! # #?#; ???????????????????????? | | "###?# # #?#; ??????????????????????? | | ""#???# = ## #?## ??????????????????????? | | "#???# # #??? ??????????????????????? | | ""#???# # #??? ??????????????????????? | | ""#???# ## #??? ?????????????????????? | | ""????# ## ##?? ?????????????????????? | | ""????# #?? ???????????????????????? | | "?????########## # #??#???????????????????????? | | ???????????????# [ #?????????????????????????? | | ???????????##### % # #?????????????????????????? | | ??????????"""""" ##?????????????????????????? | | ?????????""" "" ???????????????????????????? | | ?##????"""" " #??????????????????????????? | | ? ? ##??????????????????????????? | | # #????"" "" "" " #???????????????????????????? | | " "#?????""""""""" #???????????????????????????? | +----------------------------------------------------+ Best States ------------- Heat Dissipation 75 Coolant Potential 65 Energy Generation 16 Energy Capacity 290 Matter Stores 300 Matter Capacity 300 Sight Range 16 Terrain Scan Density 10 Armor Coverage 750 Resistance: KI 30 Propulsion Shielding 33 Weapon Shielding 66 Evasion (%) 40 Recoil Reduction 3 Offensive Hacking 10 Authchip Count 4 Item Schematics ----------------- Huge Storage Unit | -10/Materials | Hacked Cargo Storage Unit | -10/Materials | Hacked Hcp. Storage Unit | -9/Materials | Hacked Lgt. Fission Core | -8/Storage | Hacked Spk. Treads | -8/Scraptown | Extrapolated Mak. Light Armor Plating | -8/Scraptown | Extrapolated Mak. Leg | -8/Scraptown | Extrapolated Machine Rigger | -8/Scraptown | Extrapolated Beamcaster | -8/Scraptown | Extrapolated Robot Schematics ------------------ M-13 Machinist | -9/Materials | Hacked Fabricated ------------ Nothing Alien Tech Used ----------------- None Achievements -------------- None Challenges ------------ None Game ------ Seed KineticPiercingPropulsion Manual? 0 Play Time 02:15:53 Cumulative 248.7 hours Start 2024.08.17 @ 18:25:46 End 2024.08.19 @ 17:28:37 Sessions 5 Manual Loads 0 Difficulty Rogue Special Mode None Game No. 125 Rogue 125 Adventurer 0 Explorer 0 Win Type - Total 8 Types 4/1/3/0/0/0/0/0/0 Lore% 75 Gallery% 84 Achievement% 70 Wizard Run 0 Options --------- Layout 0 ASCII 0 Keyboard 0 Movement Mouse Keybinds 0 Fullscreen 2 Font 18/SmallcapsGlow Map View 76x50 Zoom Use 0% Tactical HUD 1 Map Filters NONE Filters NONE Steam 1 RUN: 9fd4ef3f-e484-4052-a8d1-3c0a4b052e9c